 Dungeon Crawl Stone Soup version 0.17.0-23-g0de4337 (webtiles) character file.

95 JudasIscariot the Sneak (level 4, -4/27 HPs)
             Began as a Kobold Assassin on Nov 14, 2015.
             Was an Initiate of Trog.
             Killed by nerve-wracking pain
             ... invoked by Grinder
              (14 damage)
             ... while paralysed by Grinder
             ... on level 3 of the Dungeon.
             The game lasted 00:07:37 (1731 turns).

JudasIscariot the Sneak (Kobold Assassin)           Turns: 1731, Time: 00:07:38

Health: -4/27      AC:  8    Str:  9    XL:     4   Next: 97%
Magic:  4/4        EV:  3    Int:  9    God:    Trog [......]
Gold:   50         SH:  0    Dex: 18    Spells: 0 memorised, 3 levels left

rFire  + + .     SeeInvis .     a - +2 dagger
rCold  . . .     Clarity  .     t - +2 leather armour {rPois}
rNeg   . . .     SustAt   .     (shield restricted)
rPois  +         Gourm    .     x - +1 helmet
rElec  +         Spirit   .     d - +0 cloak
rCorr  +         Warding  .     (no gloves)
rMut   .         Stasis   .     (no boots)
MR     .....                    (no amulet)
Stlth  ++++......               w - ring of fire
                                l - +3 ring of slaying

@: paralysed, resistant, not resistant to hostile enchantments, stealthy
A: carnivore 3
a: Burn Spellbooks, Renounce Religion


You were on level 3 of the Dungeon.
You worshipped Trog.
Trog was noncommittal.
You were very full.

You visited 1 branch of the dungeon, and saw 3 of its levels.

You collected 50 gold pieces.

Inventory:

Hand Weapons
 a - a +2 dagger (weapon)
 b - a +0 blowgun
Missiles
 e - 18 poisoned needles
 f - 2 curare-tipped needles
Armour
 c - a +0 robe
 d - a +0 cloak (worn)
 t - a +2 leather armour of poison resistance (worn)
 x - a +1 helmet (worn)
Jewellery
 k - an uncursed ring of positive energy
 l - a +3 ring of slaying (left hand)
 w - a ring of fire (right hand)
Scrolls
 j - 2 scrolls of fear {unknown}
 m - 5 scrolls of identify {unknown}
 n - a scroll of teleportation {unknown}
 o - a scroll of magic mapping {unknown}
 q - a scroll of remove curse
 s - a scroll of recharging {unknown}
Potions
 h - a potion of cure mutation {unknown}
 i - a potion of resistance
 p - a potion of degeneration {unknown}
 u - a potion of agility {unknown}
 z - a potion of lignification {unknown}
Comestibles
 g - a meat ration
 r - 3 chunks of flesh
 v - a beef jerky


   Skills:
 * Level 2.5 Fighting
 * Level 3.1 Short Blades
 + Level 2.2 Throwing
 + Level 0.1 Armour
 * Level 1.7 Dodging
 * Level 7.5 Stealth


You had 3 spell levels left.
You didn't know any spells.

Dungeon Overview and Level Annotations

Branches:
Dungeon (3/15)

Altars:
Ashenzari
Trog
The Shining One

Annotations:
D:3 Grinder


Innate Abilities, Weirdness & Mutations

You are small and have problems with some larger weapons.
You are carnivorous and can eat meat at any time.


Message History

Grinder blinks!
You hit Grinder.
Grinder is lightly wounded.
Grinder hits you.
You writhe in agony.
Okay, then.
Drink which item? (? for menu, Esc to quit)
It was a potion of resistance.
You feel protected. Grinder closely misses you.
You barely miss Grinder.
Grinder is lightly wounded.
Grinder hits you!
You writhe in agony.
You hit Grinder.
Grinder is moderately wounded.
Grinder gestures at you.
You suddenly lose the ability to move!
Grinder gestures at you. Pain shoots through your body!
Ouch! That really hurt!
You die...

#.###..# #.# ###
#......####.#########
#.####...................
........>...(...##.##.###
#.####..##.####....#
....##.....# #)####
#.........#####.########
#..)....<......5........
#.........#####.@.....!.
........................
..#.......######.######.
..........# #.#
..#.......# ...
#.##.#...... ....
.....#..#### .... ##.#.#


You could see Grinder.

Vanquished Creatures
  Jessica (D:3)
  An adder (D:2)
  2 oozes (D:2)
  3 worms (D:2)
  2 giant geckos
  4 bats
  3 giant cockroaches (D:2)
  3 goblins (D:1)
  4 hobgoblins
  A quokka (D:2)
  A ball python (D:1)
  7 giant newts
  4 kobolds
  9 rats
45 creatures vanquished.

Notes
Turn   | Place    | Note
--------------------------------------------------------------
     0 | D:1      | JudasIscariot the Kobold Assassin began the quest for the Orb.
     0 | D:1      | Reached XP level 1. HP: 12/12 MP: 1/1
   232 | D:1      | Reached XP level 2. HP: 17/17 MP: 2/2
   254 | D:1      | Reached skill level 6 in Stealth
   684 | D:2      | Reached XP level 3. HP: 12/22 MP: 3/3
  1073 | D:2      | Found a shattered altar of Ashenzari.
  1073 | D:2      | Found a glowing golden altar of the Shining One.
  1104 | D:2      | Reached XP level 4. HP: 25/27 MP: 4/4
  1149 | D:2      | Reached skill level 7 in Stealth
  1402 | D:2      | Noticed a moth of wrath
  1405 | D:2      | Found a bloodstained altar of Trog.
  1505 | D:2      | Became a worshipper of Trog the Wrathful
  1641 | D:3      | Noticed Jessica
  1646 | D:3      | Killed Jessica
  1719 | D:3      | Noticed Grinder
  1730 | D:3      | Paralysed by Grinder for 7 turns
  1731 | D:3      | Killed from afar by Grinder

Action                   |  1- 3 |  4- 6 || total
-------------------------+-------+-------++-------
Melee: Dagger            |    34 |    27 ||    61
 Fire: Blowgun           |    26 |     3 ||    29
  Use: Scroll            |       |     1 ||     1
       Potion            |       |     1 ||     1
 Stab: Sleeping          |    11 |    10 ||    21
       Distracted        |     1 |       ||     1
  Eat: Chunk             |     9 |     1 ||    10
